 Dungeon Crawl Stone Soup version 0.28.0-1-gb440e238dd (webtiles) character file.

Game seed: 10540004470937526991

131 hikkokomori the Digger (level 5, 0/28 HPs)
             Began as a Gargoyle Earth Elementalist on Feb 21, 2022.
             Killed from afar by Grinder (10 damage)
             ... with a puff of flame
             ... while paralysed by Grinder
             ... on level 4 of the Dungeon.
             The game lasted 00:05:54 (3185 turns).

hikkokomori the Digger (GrEE)                       Turns: 3185, Time: 00:05:55

Health: 0/28       AC:  6    Str: 12    XL:     5   Next: 14%
Magic:  7/10       EV:  2    Int: 19    God:
Gold:   151        SH:  0    Dex: 10    Spells: 10/11 levels left

rFire   . . .      SeeInvis +   o - +10 hand axe of Daofouti {elec, Int+2 SInv}
rCold   . . .      Faith    .   (no shield)
rNeg    + . .      Spirit   .   b - +0 robe
rPois   ∞          Reflect  .   (no helmet)
rElec   +          Harm     .   (no cloak)
rCorr   .          Rampage  .   (no gloves)
Will    .....                   (no boots)
Stlth   ++........              (no amulet)
HPRegen 0.09/turn               (no ring)
MPRegen 0.12/turn               (no ring)

@: paralysed
A: sickness immunity, AC +4, negative energy resistance 1, electricity
resistance, torment resistance 1, petrification resistance
a: no special abilities


You were on level 4 of the Dungeon.
You visited 1 branch of the dungeon, and saw 4 of its levels.

You collected 151 gold pieces.

Inventory:

Hand Weapons
 f - a +0 short sword
 o - the +10 hand axe of Daofouti (weapon) {elec, Int+2 SInv}
   (You found it on level 3 of the Dungeon)

   It occasionally discharges a powerful burst of electricity upon striking a
   foe.
   Int:       It affects your intelligence (+2).
   SInv:      It lets you see invisible.
Missiles
 a - 4 atropa-tipped darts
 c - 108 stones
Armour
 b - a +0 robe (worn)
Wands
 l - a wand of acid (12)
Scrolls
 d - 2 scrolls of identify {unknown}
 h - a scroll of enchant weapon {unknown}
 i - 2 scrolls of brand weapon {unknown}
 j - a scroll of magic mapping {unknown}
 m - a scroll of immolation {unknown}
 n - a scroll of fear {unknown}
 p - a scroll of vulnerability {unknown}
Potions
 e - 2 potions of berserk rage {unknown}
 g - 3 potions of degeneration {unknown}
 k - a potion of curing {unknown}


   Skills:
 - Level 1.5 Dodging
 + Level 2.4 Stealth
 + Level 3.5 Spellcasting
 - Level 0.7 Transmutations
 + Level 5.3 Earth Magic
 + Level 0.4 Evocations


You had 10 spell levels left.
You knew the following spells:

 Your Spells              Type           Power      Damage    Failure   Level
a - Sandblast             Erth           46%        2d11      1%          1

Your spell library contained the following spells:

 Spells                   Type           Power      Damage    Failure   Level
 Passwall                 Tmut/Erth      11%        N/A       6%          2
 Stone Arrow              Conj/Erth      26%        3d8       14%         3
 Petrify                  Tmut/Erth      14%        N/A       38%         4


Dungeon Overview and Level Annotations

Branches:
Dungeon (4/15)
 Temple: D:4-7

Altars:
Fedhas
Kikubaaqudgha
Nemelex Xobeh

Annotations:
D:4 Dowan, Duvessa, Grinder


Innate Abilities, Weirdness & Mutations

You are immune to sickness and miasma.
Your stone body is resilient. (AC +4)
You are immune to poison.
You resist negative energy. (rN+)
You are resistant to electric shocks. (rElec)
You are resistant to unholy torment.
You are immune to petrification.


Message History

A hobgoblin comes into view.
The ball python hisses angrily.
Casting: Sandblast (safe; 1% risk of failure)
Confirm with . or Enter, or press ? or * to list all spells.
Aiming: Sandblast (safe; 1% risk of failure)
Press: ? - help, Shift-Dir - straight line, f - Grinder
Aim: Grinder, carrying a wand of flame (18) (78% to hit)
The blast of sand hits Grinder!
Grinder is lightly wounded.
Grinder zaps a wand.
The puff of flame hits you!
Unknown command.
Casting: Sandblast (safe; 1% risk of failure)
Confirm with . or Enter, or press ? or * to list all spells.
Aiming: Sandblast (safe; 1% risk of failure)
Press: ? - help, Shift-Dir - straight line, f - ball python
Aim: a ball python (78% to hit)
The blast of sand hits the ball python!
You kill the ball python!
Casting: Sandblast (safe; 1% risk of failure)
Confirm with . or Enter, or press ? or * to list all spells.
Aiming: Sandblast (safe; 1% risk of failure)
Press: ? - help, Shift-Dir - straight line, f - hobgoblin
Aim: a hobgoblin (81% to hit)
The blast of sand hits the hobgoblin.
You kill the hobgoblin!
Grinder gestures at you. Pain shoots through your body!
Casting: Sandblast (safe; 1% risk of failure)
Confirm with . or Enter, or press ? or * to list all spells.
Aiming: Sandblast (safe; 1% risk of failure)
Press: ? - help, Shift-Dir - straight line, f - Grinder
Aim: Grinder, carrying a wand of flame (17) (lightly wounded, 78% to hit)
The blast of sand hits Grinder.
Grinder is moderately wounded.
Grinder gestures at you.
You suddenly lose the ability to move!
Grinder gestures at you. Pain shoots through your body!
Grinder zaps a wand.
The puff of flame hits you!
You die...

#.# #.# .# #.# #.# .#
....... #.# ....... #.#
....... #.# ..(..!. #.#
5...... #.# ....... #.#
####5.....# #.# ##<@..#
########.## #..####
......##..####.## #
#..............#######.^
........................
..####.._..####..≈≈≈≈...
.......................#
########################


You could see Grinder.

Vanquished Creatures
  4 gnolls (D:2)
  3 adders
  A dart slug (D:1)
  6 orcs (D:3)
  5 ball pythons
  3 bats
  4 endoplasms
  A giant cockroach (D:3)
  4 goblins
  4 hobgoblins
  10 jackals
  2 quokkas (D:3)
  4 frilled lizards
  5 kobolds
  2 rats
58 creatures vanquished.

Vanquished Creatures (others)
  A plant (D:3)
1 creature vanquished.

Grand Total: 59 creatures vanquished

Notes
Turn   | Place    | Note
-------+----------+-------------------------------------------
     0 | D:1      | hikkokomori the Gargoyle Earth Elementalist began the quest
                  | for the Orb.
     0 | D:1      | Reached XP level 1. HP: 10/10 MP: 3/3
   582 | D:1      | Reached skill level 4 in Earth Magic
   582 | D:1      | Reached XP level 2. HP: 15/15 MP: 1/5
  1116 | D:1      | Reached XP level 3. HP: 17/19 MP: 3/6
  1364 | D:2      | Reached XP level 4. HP: 18/24 MP: 1/8
  1453 | D:2      | Reached skill level 5 in Earth Magic
  1616 | D:2      | Found a faded altar of an unknown god.
  2235 | D:3      | Identified the +10 hand axe of Daofouti {elec, Int+2 SInv}
  2359 | D:3      | Reached XP level 5. HP: 19/28 MP: 10/10
  2697 | D:3      | Found an ancient bone altar of Kikubaaqudgha.
  2699 | D:3      | Found a blossoming altar of Fedhas.
  2954 | D:4      | Noticed Duvessa
  2957 | D:4      | Noticed Dowan
  3121 | D:4      | Found a sparkling altar of Nemelex Xobeh.
  3177 | D:4      | Noticed Grinder
  3182 | D:4      | Paralysed by Grinder for 6 turns
  3185 | D:4      | Killed from afar by Grinder

Illustrated notes

Levels and vault maps discovered:
D:1:      dpeg_arrival_oval, layout_loops_corners, minivault_25
D:2:      layout_basic, nicolae_ecumenical_lake_church
D:3:      layout_loops_ring, grunt_temple_overflow_growth_and_decay
D:4:      layout_rooms, mainiacjoe_overflow_boulevard,
          mainiacjoe_overflow_paths, serial_shops, nicolae_shop_behind_doors,
          uniq_duvessa, uniq_grinder

Skill      XL: |  1  2  3  4 |
---------------+-------------+-----
Earth Magic    | 4 5 |  5.3
Spellcasting   | 3 |  3.5
Dodging        | |  1.5
Stealth        | |  2.4
Transmutations | |  0.7
Evocations     | |  0.4

Action                   |  1- 3 |  4- 6 || total
-------------------------+-------+-------++-------
Melee: Short sword       |    33 |    71 ||   104
       Unarmed           |     2 |       ||     2
       Hand axe          |       |    17 ||    17
 Cast: Sandblast         |    28 |    14 ||    42
 Stab: Sleeping          |       |     4 ||     4
Armor: Robe              |    13 |    42 ||    55
Dodge: Dodged            |    29 |    48 ||    77
